 Dungeon Crawl Stone Soup version 0.19.0-19-g8c6edcc (webtiles) character file.

38644 Janus the Blocker (level 14, -17/133 HPs)
             Began as a Hill Orc Fighter on Nov 13, 2016.
             Was a High Priest of Beogh.
             Demolished by a tentacled starspawn (30 damage)
             ... on level 3 of the Abyss.
             The game lasted 00:51:02 (12340 turns).

Janus the Blocker (Hill Orc Fighter)               Turns: 12340, Time: 00:51:03

Health: -17/133    AC: 19    Str: 24    XL:     14   Next: 3%
Magic:  14/20      EV:  7    Int:  8    God:    Beogh [*****.]
Gold:   532        SH: 17    Dex: 21    Spells: 0 memorised, 13 levels left

rFire  + + .     SeeInvis .     g - +9 trident of Defence {pain, +Blink rPois Str-3 Dex+4}
rCold  . . .     Gourm    +     o - +0 plate armour
rNeg   . . .     Faith    .     x - +3 shield
rPois  +         Spirit   .     L - +0 helmet
rElec  .         Reflect  .     (no cloak)
rCorr  .         Harm     .     (no gloves)
MR     +....                    p - +1 pair of boots "Sutaagh" {rF++}
Stlth  ..........               c - amulet of the gourmand
                                y - +4 ring of dexterity
                                N - +4 ring of strength

@: marked, very slightly contaminated, hasted, very quick
A: walk on water, iridescent scales 1, blink, robust 1, strong 1
a: Blink, Smiting, Recall Orcish Followers, Give Item to Named Follower,
Renounce Religion, Evoke Blink


You were on level 3 of the Abyss.
You worshipped Beogh.
Beogh was extremely pleased with you.
You were very full.

You visited 1 branch of the dungeon, and saw 15 of its levels.
You visited the Abyss 1 time.
You also visited: Sewer and Bailey.

You collected 1041 gold pieces.
You spent 509 gold pieces at shops.

Inventory:

Hand Weapons
 g - the +9 trident of Defence (weapon) {pain, +Blink rPois Str-3 Dex+4}
   (You found it on level 4 of the Dungeon)

   In the hands of one skilled in necromantic magic, it inflicts extra damage on
   living creatures.
   It affects your strength (-3).
   It affects your dexterity (+4).
   It protects you from poison.
   It lets you blink.
 t - a cursed +2 battleaxe
 G - the +3 falchion "Selaniym" {slice, MR+ Str-2 Int+3}
   (You took it off an orc on level 12 of the Dungeon)

   It inflicts extra damage upon your enemies.
   It affects your strength (-2).
   It affects your intelligence (+3).
   It affects your resistance to hostile enchantments.
Missiles
 D - 4 poisoned javelins
 E - 44 tomahawks of returning (quivered)
 J - 4 tomahawks
Armour
 o - a +0 plate armour (worn)
 p - the +1 pair of boots "Sutaagh" (worn) {rF++}
   (You bought it in a shop on level 13 of the Dungeon)

   It greatly protects you from fire.
 x - a +3 shield (worn)
 I - +0 fire dragon scales
 L - a +0 helmet (worn)
 M - the +1 leather armour of Afoinn {rC- Int+2 Dex+9 Slay-4}
   (You found it on level 10 of the Dungeon)

   It affects your intelligence (+2).
   It affects your dexterity (+9).
   It affects your accuracy and damage with ranged weapons and melee attacks
   (-4).
   It makes you vulnerable to cold.
Jewellery
 c - an amulet of the gourmand (around neck)
 y - a +4 ring of dexterity (right hand)
 A - an uncursed ring of resist corrosion
 N - a +4 ring of strength (left hand)
Wands
 s - a wand of acid (7/15)
 v - a wand of lightning (11/15)
 C - a wand of paralysis (10/24)
 S - a wand of iceblast (8/15)
 T - a wand of paralysis (9/24)
 V - a wand of paralysis (19/24)
Scrolls
 b - a scroll of silence {unknown}
 e - 10 scrolls of teleportation
 h - 4 scrolls of identify
 k - 3 scrolls of amnesia
 n - 2 scrolls of noise
 q - a scroll of recharging
 r - 5 scrolls of remove curse
 F - 3 scrolls of enchant armour
 O - 2 scrolls of magic mapping
 X - a scroll of enchant weapon
 Z - a scroll of fog
Potions
 a - a potion of magic {unknown}
 i - 2 potions of curing
 j - a potion of haste
 l - 4 potions of flight
 m - 3 potions of might
 z - a potion of brilliance
 B - a potion of agility {unknown}
 H - a potion of cancellation
 K - a potion of cure mutation
 U - a potion of resistance
Miscellaneous
 w - a lamp of fire
Comestibles
 d - 5 fruits
 f - 7 bread rations
 u - 3 meat rations


   Skills:
 + Level 10.3 Fighting
 - Level 5.4(10.2) Axes
 * Level 11.2(11.5) Polearms
 + Level 7.5 Throwing
 + Level 8.8 Armour
 * Level 13.4 Shields
 * Level 9.1 Invocations
 + Level 7.8 Evocations


You had 13 spell levels left.
You didn't know any spells.

Dungeon Overview and Level Annotations

Branches:
Dungeon (15/15)            Temple (0/1) D:7            Lair (0/6) D:11
    Orc (0/2) D:12         Vaults (0/5) D:13
 Depths: D:15

Altars:
Elyvilon
Fedhas
Okawaru

Shops:
D:10 !!   D:13 %[:(*

Portals:
Trove: D:13 (give +5 fire dragon scales)

Annotations:
D:14 Louise


Innate Abilities, Weirdness & Mutations

You can walk on water.
You are partially covered in iridescent scales. (AC +2)
You can translocate small distances at will.
You are robust. (+10% HP)
Your muscles are strong. (Str +2)


Message History

A deep elf sorcerer comes into view. It is wielding a rapier.
The worldbinder calls forth creatures from the Vaults! x2
You block the spatial maelstrom's attack.
The spatial maelstrom hits you but does no damage.
Found a scroll of fog.
You feel yourself speed up.
You block the deep elf blademaster's attack. x2
The tentacled starspawn bites you!!
* * * LOW HITPOINT WARNING * * *
The tentacled starspawn engulfs you but does no damage.
The spatial maelstrom hits you but does no damage. x2
The deep elf blademaster hits you with a rapier.
* * * LOW HITPOINT WARNING * * *
The deep elf blademaster hits you with a rapier.
* * * LOW HITPOINT WARNING * * *
The ironheart preserver hits you with a dire flail!
* * * LOW HITPOINT WARNING * * *
You are very lightly contaminated with residual magic.
The tentacled starspawn bites you!!
You die...

. #.. . #.. . .###
.#..# . ≈ .. #.....
#.#. .### ≈ ..#
..##..##..##..?. ≈
... ..
............... ._.
.. ............# .
≈. .. .. #.. #@.#
#.. ♣♣ #..##..##
.##vX##.... ≈≈≈
.........ppe.......
≈≈p.
....e...xxp...##.
≈.(
≈m##..##.x##.p##.##
c##≈≈##..
#.e##kp##... .≈R.
≈≈§≈ ..≈.xmxX......
x.≈R .≈§≈≈m..
..E....##.
#..##≈≈##x
##..##.##..


You could see 2 ironheart preservers, 2 deep elf blademasters, a tentacled
starspawn, a spatial maelstrom, a wind drake, 2 vault sentinels, a large
abomination, a water elemental, a siren, a water nymph and 4 worldbinders.

Vanquished Creatures
  An orc warlord (Bailey)
  3 vault guards (D:13)
  A catoblepas (D:12)
  A hydra (D:13)
  A centaur warrior (D:14)
  2 death yaks (D:14)
  2 unseen horrors (D:12)
  A wizard (D:12)
  5 hill giants
  5 ugly things
  2 cyclopes
  A manticore (D:13)
  2 centaur zombies
  3 centaur skeletons
  An efreet (D:15)
  4 trolls
  3 meliai (D:14)
  2 hornets
  A hippogriff (D:10)
  A shadow (D:10)
  A vampire (D:15)
  2 water elementals
  A wraith (D:10)
  3 wyverns
  16 yaks
  A vampire mosquito (D:13)
  3 hungry ghosts
  A soldier ant (D:12)
  2 black bears
  3 ice beasts
  Purgy (D:4)
  A sky beast (D:12)
  7 orc warriors
  A necrophage (D:14)
  2 eyes of draining
  A phantom (D:9)
  An ogre (D:10)
  9 centaurs
  A crocodile (Sewer)
  2 big kobolds
  Blork the orc (D:4)
  8 bullfrogs
  2 wyvern zombies
  A wyvern skeleton (D:8)
  4 scorpions
  11 killer bees
  11 wights
  2 howler monkeys
  An electric eel (D:14)
  4 crimson imps
  9 hounds
  A quasit (D:11)
  9 orc wizards
  3 jellies
  3 orc priests
  A bullfrog skeleton (D:12)
  An iguana (D:9)
  6 worker ants
  A hound skeleton (D:8)
  2 worker ant zombies (D:7)
  A howler monkey zombie (D:8)
  8 gnolls
  8 adders
  2 shadow imps
  An adder zombie (D:7)
  4 adder skeletons
  4 worms
  2 dart slugs (D:1)
  6 leopard geckos
  28 orcs
  2 ball pythons
  4 giant cockroaches
  10 hobgoblins
  8 jackals
  5 quokkas
  13 bats
  2 frilled lizards
  14 goblins
  29 kobolds
  A quokka skeleton (D:4)
  9 rats
343 creatures vanquished.

Vanquished Creatures (collateral kills)
  A vault guard (D:13)
  A hydra (D:13)
  A centaur warrior (D:13)
  A death knight (D:14)
  A hill giant (D:13)
  An orc knight (D:12)
  2 ugly things (D:13)
  2 cyclopes
  2 centaur zombies
  A centaur skeleton (D:14)
  A guardian mummy (D:13)
  A troll (D:13)
  2 hippogriffs
  2 wraiths
  A basilisk (D:13)
  A vampire (D:12)
  A wyvern (D:13)
  3 vampire mosquitoes (D:13)
  2 ice beasts
  A bullfrog (D:14)
  A wyvern zombie (D:14)
  A scorpion (D:13)
  A wight (D:12)
  A howler monkey (D:13)
32 creatures vanquished.

Vanquished Creatures (others)
  An orc knight (D:13)
  2 orc wizards
  2 orc warriors
  2 orc priests
  10 orcs
  2 starspawn tentacles (Abyss:3)
19 creatures vanquished.

Grand Total: 394 creatures vanquished

Notes
Turn   | Place    | Note
-------+----------+-------------------------------------------
     0 | D:1      | Janus the Hill Orc Fighter began the quest for the Orb.
     0 | D:1      | Reached XP level 1. HP: 19/19 MP: 1/1
    85 | D:1      | Reached XP level 2. HP: 27/27 MP: 2/2
   452 | D:1      | Reached XP level 3. HP: 33/33 MP: 3/3
   822 | D:1      | You fall through a shaft!
  1032 | D:2      | Reached XP level 4. HP: 37/41 MP: 4/4
  1249 | D:3      | Reached skill level 4 in Shields
  1258 | D:3      | Found a white marble altar of Elyvilon.
  1489 | D:3      | Reached XP level 5. HP: 47/47 MP: 5/5
  1900 | D:4      | Reached skill level 5 in Axes
  1901 | D:4      | Found an iron altar of Okawaru.
  1922 | D:4      | Noticed Blork the orc
  1938 | D:4      | Killed Blork the orc
  1938 | D:4      | Reached XP level 6. HP: 11/55 MP: 6/6
  2191 | D:4      | Noticed Purgy
  2191 | D:4      | Got an ivory trident
  2211 | D:4      | Identified the +9 trident of Defence {pain, +Blink rPois Str-3 Dex+4} (You found it on level 4 of the Dungeon)
  2221 | D:4      | Killed Purgy
  2221 | D:4      | Reached skill level 5 in Fighting
  2221 | D:4      | Reached skill level 1 in Polearms
  2221 | D:4      | Reached skill level 5 in Shields
  2551 | D:5      | Entered Level 5 of the Dungeon
  2671 | D:5      | Reached XP level 7. HP: 61/61 MP: 7/7
  2917 | D:5      | Found a glowing drain.
  2921 | Sewer    | Entered a sewer
  3378 | D:6      | Reached skill level 6 in Shields
  3436 | D:6      | Reached skill level 5 in Armour
  3436 | D:6      | Reached XP level 8. HP: 57/70 MP: 5/8
  3642 | D:6      | Reached skill level 1 in Evocations
  3972 | D:7      | Reached skill level 1 in Throwing
  4199 | D:7      | Found a staircase to the Ecumenical Temple.
  4255 | D:7      | Reached skill level 5 in Polearms
  4609 | D:8      | Reached skill level 7 in Shields
  4609 | D:8      | Reached XP level 9. HP: 78/78 MP: 10/10
  4866 | D:8      | Noticed a hornet
  4867 | D:8      | Became a worshipper of Beogh the Brigand
  4875 | D:8      | Killed a hornet
  5463 | D:9      | Reached * piety under Beogh
  5566 | D:9      | Reached skill level 8 in Shields
  5671 | D:8      | Reached XP level 10. HP: 34/86 MP: 0/12
  5970 | D:9      | Gained mutation: Your muscles are strong. (Str +2) [potion of mutation]
  5970 | D:9      | Gained mutation: You are partially covered in iridescent scales. (AC +2) [potion of mutation]
  5970 | D:9      | Gained mutation: You are robust. (+10% HP) [potion of mutation]
  6381 | D:10     | Entered Level 10 of the Dungeon
  6390 | D:10     | Found Sonwegu's Distillery.
  6398 | D:10     | Bought a potion of curing for 42 gold pieces
  6398 | D:10     | Bought 2 potions of might for 112 gold pieces
  6398 | D:10     | Bought a potion of heal wounds for 70 gold pieces
  6490 | D:10     | Got an agate-encrusted leather armour
  6501 | D:10     | Identified the +1 leather armour of Afoinn {rC- Int+2 Dex+9 Slay-4} (You found it on level 10 of the Dungeon)
  6643 | D:10     | Reached ** piety under Beogh
  6876 | D:10     | Found Liejukhlai's Distillery.
  6910 | D:10     | Reached skill level 9 in Shields
  7018 | D:10     | Found a blossoming altar of Fedhas.
  7218 | D:11     | Found a flagged portal.
  7227 | Bailey   | Entered a bailey
  7232 | Bailey   | Noticed an orc warlord
  7367 | Bailey   | Found a runed gate.
  7368 | Bailey   | Found a runed gate.
  7369 | Bailey   | Found a runed gate.
  7393 | Bailey   | Reached *** piety under Beogh
  7511 | Bailey   | Killed an orc warlord
  7511 | Bailey   | Reached XP level 11. HP: 74/104 MP: 7/14
  7542 | Bailey   | Identified the Incunabulum of Envenoming
  7637 | D:11     | Reached skill level 10 in Shields
  7650 | D:11     | Found a labyrinth entrance.
  7717 | D:11     | Noticed a cyclops
  7729 | D:11     | Killed a cyclops
  7779 | D:11     | Gained mutation: You can translocate small distances at will. [potion of beneficial mutation]
  7846 | D:11     | Reached skill level 12 in Shields
  7846 | D:11     | Reached XP level 12. HP: 109/113 MP: 14/16
  8055 | D:11     | Found a staircase to the Lair.
  8833 | D:12     | Reached **** piety under Beogh
  9138 | D:12     | Gained Borgoth as an ally
  9168 | D:12     | Reached skill level 5 in Invocations
  9235 | D:12     | Found a staircase to the Orcish Mines.
  9270 | D:12     | Got a twisted falchion {slice}
  9273 | D:12     | Identified the +3 falchion "Selaniym" {slice, MR+ Str-2 Int+3} (You took it off an orc on level 12 of the Dungeon)
  9319 | D:12     | Noticed a catoblepas
  9344 | D:12     | Killed a catoblepas
  9581 | D:12     | Your ally Borgoth died
  9609 | D:12     | Reached XP level 13. HP: 59/122 MP: 10/18
  9943 | D:13     | Found Kaowam's Antique Armour Emporium.
  9947 | D:13     | Bought a pair of blackened boots for 285 gold pieces
  9952 | D:13     | Identified the +1 pair of boots "Sutaagh" {rF++} (You bought it in a shop on level 13 of the Dungeon)
 10023 | D:13     | Found Enel's Antique Weapon Emporium.
 10048 | D:13     | Reached skill level 10 in Polearms
 10412 | D:13     | Found Kigid's Food Boutique.
 10464 | D:13     | Noticed a vault guard
 10467 | D:13     | Noticed a vault guard
 10468 | D:13     | Noticed a vault guard
 10469 | D:13     | Noticed a vault guard
 10483 | D:13     | Killed a vault guard
 10484 | D:13     | Killed a vault guard
 10491 | D:13     | Killed a vault guard
 10514 | D:13     | Killed a vault guard
 10514 | D:13     | Gained Bogrim as an ally
 10537 | D:13     | Reached ***** piety under Beogh
 10711 | D:13     | Found a gate to the Vaults.
 10729 | D:13     | Found Bysatuda's General Store.
 10760 | D:13     | Found Sosen's Book Emporium.
 11038 | D:13     | Reached skill level 10 in Fighting
 11038 | D:13     | Reached skill level 13 in Shields
 11064 | D:13     | Found a portal to a secret trove of treasure.
 11469 | D:14     | You fall through a shaft!
 11469 | D:15     | Entered Level 15 of the Dungeon
 12200 | D:14     | Noticed Louise
 12215 | D:14     | Reached XP level 14. HP: 92/133 MP: 20/20
 12228 | D:14     | Cast into level 3 of the Abyss (Louise)
 12308 | Abyss:3  | Found a corrupted altar of Lugonu.
 12314 | Abyss:3  | Noticed an ironheart preserver
 12323 | Abyss:3  | Noticed a deep elf blademaster
 12326 | Abyss:3  | Noticed an ironheart preserver
 12333 | Abyss:3  | Noticed a dire elephant
 12334 | Abyss:3  | Noticed a tentacled starspawn
 12334 | Abyss:3  | Noticed an ironheart preserver
 12334 | Abyss:3  | Noticed an ironheart preserver
 12337 | Abyss:3  | Noticed a deep elf blademaster
 12338 | Abyss:3  | Noticed a deep elf sorcerer
 12339 | Abyss:3  | Noticed an ironheart preserver
 12340 | Abyss:3  | Demolished by a tentacled starspawn

Skill      XL: |  1  2  3  4  5  6  7  8  9 10 11 12 13 |
---------------+----------------------------------------+-----
Axes           | 3 4 5 |  5.4
Fighting       | 4 5 6 7 8 9 10 | 10.3
Shields        | 4 5 6 7 8 9 12 13 | 13.4
Armour         | 4 5 6 7 8 |  8.8
Polearms       | 1 3 5 6 8 9 11 | 11.2
Evocations     | 2 3 4 6 7 |  7.8
Throwing       | 1 3 4 6 7 |  7.5
Invocations    | 2 3 5 9 |  9.1

Action                   |  1- 3 |  4- 6 |  7- 9 | 10-12 | 13-15 || total
-------------------------+-------+-------+-------+-------+-------++-------
Melee: War axe           |   133 |   115 |       |       |       ||   248
       Trident           |       |    26 |   301 |   528 |   331 ||  1186
Throw: Tomahawk          |       |       |       |    23 |       ||    23
Invok: Convert to Beogh  |       |       |     1 |       |       ||     1
       Recall Orcish Fol |       |       |       |       |     1 ||     1
       Smiting           |       |       |       |       |     2 ||     2
 Abil: Evoke Blink       |       |       |     1 |       |     2 ||     3
Evoke: Wand              |       |       |       |     1 |       ||     1
  Use: Potion            |       |     1 |    11 |     8 |     4 ||    24
       Scroll            |       |     8 |     5 |     8 |     2 ||    23
 Stab: Distracted        |       |       |       |     3 |     4 ||     7
  Eat: Chunk             |     1 |     5 |     8 |     8 |    20 ||    42
       Bread ration      |       |       |     1 |     1 |       ||     2
       Beef jerky        |       |       |       |     1 |     1 ||     2
       Pizza             |       |       |       |       |     1 ||     1
Armor: Scale mail        |    45 |       |       |       |       ||    45
       Plate armour      |    54 |    77 |   184 |   218 |    69 ||   602
Dodge: Dodged            |    32 |    12 |    51 |    65 |    43 ||   203
Block: Shield            |    77 |    87 |   272 |   337 |   147 ||   920
